cohdb
Replays
Latest Replays
All Replays
Popular Replays
Top Player Replays
Match Explorer
How It Works
Community
CoH3 Stats
Reddit
Sign in to upload your games and track your stats! →
Sign in with Steam
Match 42649915
Unlisted
Match 42649915
Overview
Messages
Build Orders
End
Selects Australian Defense Battlegroup
Selects Australian Light Infantry Section
Australian Light Infantry Section
Vickers Machine Gun Team
Construct Section Command Post
Construct Platoon Command Post
Selects Defensive Tactics
Selects Hold the Line!
Humber Armored Car
Royal Engineer Section
Unlock M3 Stuart Light Tanks
Selects CMP 15cwt Supply Run
CMP 15cwt Supply Run
ThyKruzader
ChernobylTroglodyte
Rivonardo21!
Joraad
fmas3
軍曹
0
0
Comments
sign in to comment!
No comments posted yet!